Map: Orbital Shipyard

Players

wabbajack

  • Race: Zerg Zerg
  • League: Gold

AGL - Winner!

  • Race: Protoss Protoss
  • League: Grandmaster

VOD

Have the link to the VOD?

Description

Time

  • Played on: July 17, 2015, 2:45 p.m.
  • Length: 9:11
Show
View Real Time Build Order
Export as new Build Order

wabbajack Zerg 

Build Orders: Hatch First 

Get SALT Encoding   

  12  0:01  Drone  
  13  0:19  Overlord  
  13  0:21  Drone  
  13  0:26  Extractor  
  13  0:27  Drone  
  13  0:28  Extractor  
  13  0:31  Drone  
  16  0:41  Drone  
  17  0:55  Hatchery  
  16  1:01  Drone  
  16  1:03  Drone  
  18  1:05  Extractor  
  17  1:19  Spawning Pool  
  17  1:21  Drone  
  17  1:24  Drone  
  18  1:35  Drone  
  19  1:45  Overlord  
  19  2:07  Metabolic Boost  
  19  2:10  Queen  
  19  2:11  Queen, Extractor  
  19  2:14  Drone x3  
  25  2:18  Zergling x2  
  25  2:22  Zergling x2  
  27  2:39  Drone x2  
  29  2:46  Baneling Nest  
  29  2:48  Drone x2  
  30  2:53  Pneumatized Carapace  
  30  2:58  Overlord  
  30  3:02  Zergling x2  
  30  3:04  Zergling x2  
  32  3:07  Zergling x2  
  32  3:12  Zergling x2  
  34  3:24  Drone x2  
  34  3:25  Drone x3  
  39  3:32  Baneling x2  
  39  3:38  Baneling x2  
  39  3:47  Lair  
  39  3:55  Drone x5  
  44  4:03  Overlord  
  44  4:04  Overlord  
  44  4:21  Roach Warren  
  44  4:23  Evolution Chamber, Extractor  
  41  4:29  Hatchery  
  29  5:06  Roach x11  
  37  6:03  Drone x9  
  46  6:23  Queen x2  
  50  6:31  Spine Crawler  
  33  6:50  Roach  
  33  6:51  Roach x5  
  43  6:55  Roach  
  43  7:06  Drone  
  40  7:40  Zergling x10  
  40  7:41  Zergling x16  
  40  7:43  Zergling x6  
  24  8:33  Zergling x12  
  24  8:34  Zergling x16  
Show
View Real Time Build Order
Export as new Build Order

AGL Protoss - Winner!

Build Orders:  

Get SALT Encoding   

  12  0:01  Probe  
  13  0:18  Pylon  
  13  0:20  Probe  
  14  0:36  Probe (Chrono Boost)  
  15  0:44  Gateway  
  15  0:46  Probe (Chrono Boost)  
  15  0:47  Assimilator  
  16  0:53  Probe  
  17  1:02  Gateway  
  17  1:05  Probe (Chrono Boost)  
  18  1:15  Probe (Chrono Boost)  
  18  1:18  Pylon  
  20  1:25  Probe  
  20  1:36  Cybernetics Core  
  20  1:37  Zealot (Chrono Boost)  
  22  1:41  Assimilator  
  22  1:45  Probe  
  25  1:55  Zealot (Chrono Boost)  
  25  2:00  Gateway  
  25  2:02  Probe  
  26  2:15  Probe  
  27  2:22  Adept  
  29  2:31  Warp Gate (Chrono Boost)  
  29  2:40  Pylon  
  29  2:49  Gateway  
  29  2:50  Pylon  
  29  2:58  Mothership Core  
  31  3:13  Adept x2  
  31  3:14  Adept  
  37  3:34  Pylon  
  37  3:40  Sentry  
  39  4:02  Nexus  
  39  4:16  Zealot x2  
  43  4:18  Adept  
  43  4:20  Adept  
  38  4:46  Probe (Chrono Boost)  
  37  4:57  Probe (Chrono Boost)  
  38  5:07  Adept x4  
  30  5:54  Stalker x3  
  30  5:56  Probe (Chrono Boost)  
  35  6:03  Probe (Chrono Boost)  
  36  6:08  Probe (Chrono Boost)  
  37  6:13  Probe (Chrono Boost)  
  37  6:17  Probe (Chrono Boost)  
  35  6:34  Sentry x4  
  35  6:58  Stalker x2  
  35  7:00  Sentry x2  
  43  7:32  Stalker x2  
  43  7:33  Stalker  
  43  7:36  Sentry  
  51  8:15  Stalker x4  
  51  8:18  Probe x2  
  45  8:30  Probe x2  
  47  9:00  Stalker x4  
Tags
 
Add a new tag
Caveats
  • Supply blocks, unpowered buildings, or Contaminate may cause inaccurate times.
  • Supply counts are checked every 10 seconds.